 Dungeon Crawl Stone Soup version 0.17-a0-1951-g62301d3 (webtiles) character file.

18638 tp1 the Fighter (level 12, -1/80 HPs)
             Began as a Gargoyle Berserker on Oct 2, 2015.
             Was an Elder of Trog.
             Slain by an 11-headed hydra (2 damage)
             ... on level 8 of the Lair of Beasts.
             The game lasted 01:08:50 (10318 turns).

tp1 the Fighter (Gargoyle Berserker)               Turns: 10318, Time: 01:08:50

Health: -1/80      AC: 28    Str: 29    XL:     12   Next: 60%
Magic:  4/4        EV:  9    Int:  7    God:    Trog [****..]
Gold:   545        SH:  0    Dex:  9    Spells: 0 memorised, 11 levels left

rFire  . . .     SeeInvis +     Y - +4 battleaxe (antimagic)
rCold  . . .     Clarity  .     a - +0 plate armour
rNeg   + . .     SustAt   .     (no shield)
rPois  ∞         Gourm    .     A - +2 helmet
rElec  +         Spirit   .     (no cloak)
rCorr  .         Warding  .     h - +0 pair of gloves
rMut   .         Stasis   .     (no boots)
MR     .....                    d - amulet of Daxoar {Inacc Str+2 SInv}
Stlth  ..........               X - ring of stealth
                                v - ring of stealth

@: very slightly contaminated, not resistant to hostile enchantments, extremely
unstealthy
A: negative energy resistance 1, electricity resistance, unbreathing,
petrification resistance, rot immunity, AC +8
a: Burn Spellbooks, Berserk, Trog's Hand, Brothers in Arms, Renounce Religion


You were on level 8 of the Lair of Beasts.
You worshipped Trog.
Trog was greatly pleased with you.
You were not hungry.

You visited 2 branches of the dungeon, and saw 15 of its levels.
You also visited: Sewer.

You collected 701 gold pieces.
You spent 156 gold pieces at shops.

Inventory:

Hand weapons
 b - a +0 dire flail
 k - a +2 flail of crushing
 Y - a +4 antimagic battleaxe (weapon)
Armour
 a - a +0 plate armour (worn)
 h - a +0 pair of gloves (worn)
 A - a +2 helmet (worn)
 G - the +0 ring mail of Complete Protection {rF- Regen+ Int+9}
   (You found it on level 4 of the Dungeon)

   It affects your intelligence (+9).
   It makes you vulnerable to fire.
   It increases your rate of regeneration.
Jewellery
 d - the amulet of Daxoar (around neck) {Inacc Str+2 SInv}
   (You found it on level 8 of the Lair of Beasts)

   [amulet of inaccuracy]

   It reduces the accuracy of all your attacks.
   It affects your strength (+2).
   It lets you see invisible.
 l - an uncursed amulet of warding
 v - a ring of stealth (left hand)
 X - a ring of stealth (right hand)
Magical devices
 s - a wand of polymorph (9)
 t - a wand of digging (10)
 y - a wand of confusion (24)
 E - a wand of paralysis (13)
 F - a wand of teleportation (3)
 H - a wand of confusion (7)
 I - a wand of polymorph (9)
 J - a wand of draining (7)
 L - a wand of flame (26)
 M - a wand of slowing (35)
 O - a wand of slowing (32)
Scrolls
 f - 2 scrolls of enchant weapon {unknown}
 g - a scroll of amnesia
 m - 9 scrolls of remove curse
 u - 2 scrolls of immolation {unknown}
 w - 5 scrolls of fog
 x - 3 scrolls of recharging
 D - 4 scrolls of teleportation
 Z - 3 scrolls of identify
Potions
 e - 3 potions of flight
 i - a potion of lignification
 j - 2 potions of brilliance
 o - a potion of degeneration
 q - 4 potions of might
 r - 6 potions of curing
 B - a potion of ambrosia
 K - 2 potions of agility
Books
 z - a book of Clouds

   Spells                             Type                      Level
   a - Mephitic Cloud                 Conjuration/Poison/Air       3
   b - Conjure Flame                  Conjuration/Fire             3
   c - Poisonous Cloud                Conjuration/Poison/Air       6
   d - Freezing Cloud                 Conjuration/Ice/Air          6
   e - Ring of Flames                 Charms/Fire                  7
   Trog disapproves of the use of such an item.
 R - a book of the Warp

   Spells                             Type                      Level
   a - Recall                         Summoning/Translocation      3
   b - Gell's Gravitas                Hexes/Translocation          3
   c - Force Lance                    Conjuration/Translocation    4
   d - Phase Shift                    Translocation                5
   e - Warp Weapon                    Charms/Translocation         5
   f - Summon Forest                  Summoning/Translocation      5
   Trog disapproves of the use of such an item.
 W - a book of Changes

   Spells                             Type                      Level
   a - Beastly Appendage              Transmutation                1
   b - Sticks to Snakes               Transmutation                2
   c - Spider Form                    Transmutation/Poison         3
   d - Ice Form                       Ice/Transmutation            4
   e - Blade Hands                    Transmutation                5
   Trog disapproves of the use of such an item.
Comestibles
 c - 2 bread rations
 n - 9 chunks of flesh
 p - 6 meat rations
 P - 4 fruits
 U - 3 beef jerkies
 V - 3 slices of pizza


   Skills:
 + Level 11.6 Fighting
 + Level 10.4(11.2) Axes
 + Level 7.9(10.6) Maces & Flails
 + Level 10.8 Armour
 - Level 5.4 Dodging
 + Level 0.1 Evocations


You had 11 spell levels left.
You didn't know any spells.

Dungeon Overview and Level Annotations

Branches:
Dungeon (9/15)             Temple (0/1) D:4            Lair (8/8) D:9
  Slime (0/6) Lair:7
  Swamp: Lair:3-6    Shoals: Lair:3-6     Snake: Lair:3-6    Spider: Lair:3-6
    Orc: D:9-12

Altars:
Trog
Jiyva

Shops:
D:5 *}


Innate Abilities, Weirdness & Mutations

You are resistant to torment.
Your stone body is resilient (AC +8).
You are immune to poison.
You resist negative energy.
You are resistant to electric shocks.
You can survive without breathing.
You are immune to petrification.
You are immune to rotting.


Message History

Your two-headed ogre goes berserk!
You feel somewhat more hungry.
Your two-headed ogre hits the 11-headed hydra with a giant club!!!
Your two-headed ogre hits the 11-headed hydra with a giant club!
The 11-headed hydra bites your two-headed ogre!
The 11-headed hydra bites your two-headed ogre!!
The 11-headed hydra bites your two-headed ogre!
The 11-headed hydra bites your two-headed ogre.
The 11-headed hydra bites your two-headed ogre! x2
Your two-headed ogre dies!
Your two-headed ogre's corpse disappears in a puff of smoke!
The 11-headed hydra bites you but does no damage.
The 11-headed hydra barely misses you. The 11-headed hydra closely misses you.
The 11-headed hydra closely misses you. The 11-headed hydra bites you!
* * * LOW HITPOINT WARNING * * *
The 11-headed hydra bites you but does no damage. x2
The 11-headed hydra bites you!
* * * LOW HITPOINT WARNING * * *
The 11-headed hydra bites you.
You die...

#..............#.##.#..
#.............P..##....
#............÷.........
#............÷.........
#.................[.P..
#..............P...#.P.
#...................##.
#..............##...##.
≈≈.
#....D@........###..)..
≈≈
#..PP..................
.≈
#.PP.♣♣♣♣♣♣♣♣♣♣....P##.
♣♣≈l #.#P.♣ ♣.....#..
♣≈≈♣ #....♣ ♣.P....#.
♣♣≈♣♣ #..P.♣ ♣......#.
♣♣P≈≈♣♣#....♣ ♣........
###.PP≈≈P#....♣
♣........
##.............♣
♣.......P


You could see a 11-headed hydra.

Vanquished Creatures
  Josephine (Lair:8)
  2 hydras
  3 elephants (Lair:7)
  3 black mambas
  5 spiny frogs
  2 fire drakes (Lair:8)
  3 komodo dragons (Lair:7)
  A polar bear (Lair:7)
  7 blink frogs
  Sigmund (D:4)
  17 yaks
  3 wraiths (Lair:8)
  10 hippogriffs
  3 basilisks
  A porcupine (Lair:7)
  7 water moccasins
  2 swamp drakes (Lair:8)
  A necrophage (D:6)
  A sky beast (D:5)
  2 ogres
  An ice beast (D:8)
  2 orc warriors
  2 phantoms
  7 crocodiles
  A centaur (D:8)
  A big kobold (Sewer)
  10 giant frogs
  A scorpion (D:9)
  A wyvern skeleton (D:7)
  An electric eel (Lair:7)
  2 crimson imps
  2 orc priests
  3 hounds
  2 orc wizards
  Ijyb (D:3)
  3 iguanas
  3 jellies
  Jessica (D:2)
  A centaur skeleton (D:4)
  Natasha (thrice) (D:4 D:7)
  A hell rat (Lair:2)
  5 worker ants
  An ogre zombie (D:9)
  19 sheep (Lair:7)
  A worker ant zombie (D:6)
  Robin (D:4)
  13 adders
  14 river rats
  An ooze (D:2)
  2 adder skeletons
  A worm (D:2)
  4 giant geckos
  25 orcs
  6 bats
  14 hobgoblins
  8 jackals (D:5)
  5 quokkas
  8 ball pythons
  3 giant cockroaches
  A giant gecko skeleton (D:7)
  7 giant newts
  15 goblins
  A goblin skeleton (D:9)
  2 goblin zombies (D:9)
  22 kobolds
  An orc zombie (D:9)
  3 quokka skeletons (D:4)
  25 rats
  2 fungi (Lair:7)
334 creatures vanquished.

Vanquished Creatures (collateral kills)
  A spiny frog (Lair:2)
  6 yaks
  A hungry ghost (D:9)
  A giant frog (Lair:2)
  5 killer bees (D:9)
  A troll zombie (D:9)
  An ogre zombie (D:9)
  A river rat (Lair:2)
  4 orcs (D:9)
  A goblin zombie (D:9)
  An orc zombie (D:9)
  6 rats (Lair:2)
29 creatures vanquished.

Vanquished Creatures (others)
  38 fungi (Lair:7)
  15 plants
53 creatures vanquished.

Grand Total: 416 creatures vanquished

Notes
Turn   | Place    | Note
--------------------------------------------------------------
     0 | D:1      | tp1 the Gargoyle Berserker began the quest for the Orb.
     0 | D:1      | Reached XP level 1. HP: 14/14 MP: 1/1
   225 | D:1      | Reached XP level 2. HP: 10/19 MP: 2/2
   486 | D:2      | Acquired Trog's second power
   486 | D:2      | Reached XP level 3. HP: 15/24 MP: 3/3
   841 | D:2      | Reached XP level 4. HP: 29/29 MP: 4/4
   948 | D:2      | Noticed Jessica
   952 | D:2      | Killed Jessica
  1213 | D:3      | Reached skill level 4 in Fighting
  1330 | D:3      | Found a glowing drain.
  1362 | D:3      | Reached XP level 5. HP: 33/33 MP: 5/5
  1370 | D:3      | Found a faded altar to an unknown god.
  1544 | D:3      | Noticed Ijyb
  1559 | D:3      | Killed Ijyb
  1784 | D:3      | Noticed an ogre
  1798 | D:3      | Killed an ogre
  1798 | D:3      | Reached skill level 1 in Maces & Flails
  1798 | D:3      | Reached XP level 6. HP: 26/38 MP: 6/6
  1945 | Sewer    | Entered a sewer
  2245 | Sewer    | Reached XP level 7. HP: 33/43 MP: 7/7
  2258 | Sewer    | Acquired Trog's third power
  2873 | D:4      | Noticed Sigmund
  2875 | D:4      | Noticed Robin
  2883 | D:4      | Killed Sigmund
  2883 | D:4      | Reached skill level 5 in Dodging
  2900 | D:4      | Killed Robin
  2937 | D:4      | Got a heavily runed ring mail
  2948 | D:4      | Identified the +0 ring mail of Complete Protection {rF- Regen+ Int+9} (You found it on level 4 of the Dungeon)
  3069 | D:4      | Noticed Natasha
  3074 | D:4      | Killed Natasha
  3099 | D:4      | Reached XP level 8. HP: 48/48 MP: 8/8
  3319 | D:4      | Found a staircase to the Ecumenical Temple.
  3495 | D:5      | Entered Level 5 of the Dungeon
  3530 | D:5      | Reached skill level 5 in Fighting
  3570 | D:5      | Found Bacoc's General Store.
  3578 | D:5      | Bought a potion of curing for 36 gold pieces
  3578 | D:5      | Bought a scroll of identify for 24 gold pieces
  3578 | D:5      | Bought 2 potions of agility for 96 gold pieces
  3802 | D:5      | Found Ijuzeolu's Gadget Boutique.
  4188 | D:6      | Found a bloodstained altar of Trog.
  4429 | D:6      | You fall through a shaft for 3 floors!
  4462 | D:9      | Found a staircase to the Lair.
  4556 | D:7      | Reached skill level 6 in Fighting
  4556 | D:7      | Reached skill level 5 in Maces & Flails
  4556 | D:7      | Reached skill level 5 in Armour
  4556 | D:7      | Reached XP level 9. HP: 55/55 MP: 9/9
  4895 | D:7      | Noticed Natasha
  4907 | D:7      | Killed Natasha
  4943 | D:7      | Noticed Natasha
  4960 | D:7      | Killed Natasha
  6037 | D:9      | Received a gift from Trog
  6073 | D:9      | Reached skill level 7 in Fighting
  6247 | Lair:1   | Entered Level 1 of the Lair of Beasts
  6525 | Lair:1   | Reached XP level 10. HP: 54/64 MP: 3/10
  6706 | Lair:1   | Noticed a black mamba
  6723 | Lair:1   | Killed a black mamba
  6723 | Lair:1   | Reached skill level 8 in Fighting
  6966 | Lair:1   | Reached skill level 5 in Axes
  7304 | Lair:3   | You fall through a shaft for 3 floors!
  7391 | Lair:6   | Noticed a four-headed hydra
  7401 | Lair:6   | Killed a nine-headed hydra
  7401 | Lair:6   | Reached skill level 9 in Fighting
  7583 | Lair:6   | Noticed a seven-headed hydra
  7637 | Lair:7   | Reached XP level 11. HP: 37/71 MP: 3/11
  8119 | Lair:7   | Noticed an elephant
  8119 | Lair:7   | Noticed an elephant
  8166 | Lair:7   | Noticed a four-headed hydra
  8178 | Lair:7   | Killed an 11-headed hydra
  8418 | Lair:7   | Noticed a black mamba
  8427 | Lair:7   | Killed a black mamba
  8485 | Lair:7   | Reached skill level 10 in Fighting
  8641 | Lair:7   | Noticed a black mamba
  8656 | Lair:7   | Killed a black mamba
  8711 | Lair:7   | Noticed an elephant
  8717 | Lair:7   | Killed an elephant
  8743 | Lair:7   | Killed an elephant
  8745 | Lair:7   | Killed an elephant
  9076 | Lair:7   | Reached skill level 10 in Armour
  9177 | Lair:7   | Found a staircase to the Slime Pits.
  9178 | Lair:7   | Found a viscous altar of Jiyva.
  9312 | Lair:7   | Reached XP level 12. HP: 79/79 MP: 4/12
  9614 | Lair:7   | Reached skill level 11 in Fighting
  9904 | Lair:8   | Entered Level 8 of the Lair of Beasts
  9946 | Lair:8   | Got a twitching diamond amulet
  9948 | Lair:8   | Identified the amulet of Daxoar {Inacc Str+2 SInv} (You found it on level 8 of the Lair of Beasts)
 10061 | Lair:8   | Reached skill level 10 in Axes
 10107 | Lair:8   | Noticed Josephine
 10126 | Lair:8   | Killed Josephine
 10223 | Lair:8   | Noticed a four-headed hydra
 10318 | Lair:8   | HP: 1/80 [11-headed hydra (7)]
 10318 | Lair:8   | Slain by an 11-headed hydra

Vault maps used:
D:1:      kilobyte_arrival_exit_the_forest
D:2:      first_bread, uniq_jessica
D:3:      ecumenical_altar_1, gup_sewer_entry_glass, uniq_iyjb
D:4:      temple_green, uniq_sigmund, uniq_robin, uniq_natasha
D:5:      serial_shops, nicolae_shop_temple_entry_statues_fountains,
          shop_fountains, nicolae_shop_behind_doors, uniq_blork_the_orc
D:6:      kennysheep_mini_moat
D:7:      serial_shops, nicolae_shop_statue_plus
D:9:      lair_0_dummy, zombieorc1_lemuel
Lair:2:   kennysheep_abandoned_house, ice2_lemuel, lemuel_fruit_fields,
          infiniplex_staircase_pool_2, serial_bayou_shore_b
Lair:3:   portal_ice_cave_entry_imps, uniq_fannar
Lair:6:   minivault_11, grunt_megastairs_1
Lair:7:   slime_altar_1, serial_bayou_shore_a, grunt_megastairs_2
Lair:8:   guppyfry_lair_end_dragon, serial_bayou_shore_b, uniq_josephine
Sewer:    sewer_minmay_treatment

Action                   |  1- 3 |  4- 6 |  7- 9 | 10-12 || total
-------------------------+-------+-------+-------+-------++-------
Melee: Hand axe          |    75 |   104 |    48 |       ||   227
       Flail             |    25 |    58 |   234 |       ||   317
       Dire flail        |       |       |   113 |       ||   113
       Battleaxe         |       |       |    19 |   406 ||   425
Invok: Berserk           |     2 |     1 |     2 |    14 ||    19
       Trog's Hand       |       |     1 |     3 |    11 ||    15
       Brothers in Arms  |       |       |     2 |     4 ||     6
Evoke: Wand              |       |       |       |     2 ||     2
  Use: Potion            |       |       |     6 |    17 ||    23
       Scroll            |       |       |     8 |     3 ||    11
 Stab: Sleeping          |     2 |       |       |       ||     2
  Eat: Chunk             |     2 |     5 |    14 |    23 ||    44
       Bread ration      |       |       |     1 |     2 ||     3
